 Dungeon Crawl Stone Soup version 0.31-a0-691-g409c26aa35 (webtiles) character file.

Game seed: 9346330958165470320

744 qw the Shooter (level 7, -4/44 HPs)
             Began as a Gargoyle Hunter on Sept 6, 2023.
             Was a Follower of Okawaru.
             Slain by a two-headed ogre
             ... wielding a +0 giant spiked club
              (16 damage)
             ... on level 5 of the Dungeon.
             The game lasted 00:01:47 (4020 turns).

qw the Shooter (Gargoyle Hunter)                    Turns: 4020, Time: 00:01:48

Health: -4/44      AC: 12    Str: 15    XL:     7   Next: 76%
Magic:  8/9        EV: 15    Int:  9    God:    Okawaru [*.....]
Gold:   220        SH:  0    Dex: 21    Spells: 6/6 levels left

rFire   + . .        Y - +1 shortbow
rCold   . . .        (shield currently unavailable)
rNeg    + . .        e - +0 ring mail
rPois   inf          (no helmet)
rElec   +            (no cloak)
rCorr   .            i - +0 pair of gloves
SInv    .            (no boots)
Will    .....        (no amulet)
Stlth   +++          g - ring of protection from fire
HPRegen 0.27/turn    b - +6 ring of dexterity
MPRegen 0.11/turn

%: no passive effects
@: heroic
A: sickness immunity, AC +4, negative energy resistance 1, electricity
resistance, torment resistance 1, petrification resistance
a: Renounce Religion, Heroism


You were on level 5 of the Dungeon.
You worshipped Okawaru.
Okawaru was aware of your devotion.
You visited 2 branches of the dungeon, and saw 7 of its levels.

You collected 220 gold pieces.


Innate Abilities, Weirdness & Mutations

You are immune to sickness and miasma.
Your stone body is resilient. (AC +4)
You are immune to poison.
You resist negative energy. (rN+)
You are resistant to electric shocks. (rElec)
You are resistant to unholy torment.
You are immune to petrification.


   Skills:
 - Level 4.8(9.8) Fighting
 + Level 7.4(12.4) Ranged Weapons
 - Level 2.0(7.0) Armour
 - Level 2.0(7.0) Dodging
 - Level 1.1(6.1) Stealth
 + Level 2.7 Invocations


You had 6 spell levels left.
You didn't know any spells.
Your spell library was empty.

Inventory:

Hand Weapons
 Y - a +1 shortbow (weapon)
Armour
 e - a +0 ring mail (worn)
 i - a +0 pair of gloves (worn)
Jewellery
 b - a +6 ring of dexterity (right hand)
 g - a ring of protection from fire (left hand)
Scrolls
 a - a scroll of teleportation
 h - a scroll of identify
Potions
 c - 3 potions of curing
 f - a potion of might
 j - a potion of heal wounds {unknown}
 k - a potion of brilliance {unknown}

Dungeon Overview and Level Annotations

Branches:
Dungeon (6/15)             Temple (1/1) D:4

Altars:
Ashenzari
Cheibriados
Dithmenos
Elyvilon
Fedhas
Gozag
Hepliaklqana
Kikubaaqudgha
Makhleb
Okawaru
Qazlal
Sif Muna
Trog
Uskayaw
Vehumet
Wu Jian
Zin
The Shining One


Message History

You shoot an arrow.
The arrow completely misses the two-headed ogre.
The two-headed ogre closely misses you. x2
You shoot an arrow.
The arrow barely misses the two-headed ogre.
You shoot an arrow. The arrow hits the two-headed ogre.
The two-headed ogre is lightly wounded.
The two-headed ogre barely misses you.
The two-headed ogre hits you with a +0 giant club!
You shoot an arrow.
The arrow barely misses the two-headed ogre.
You shoot an arrow. The arrow hits the two-headed ogre!
The two-headed ogre is moderately wounded.
The two-headed ogre completely misses you. x2
You shoot an arrow. The arrow hits the two-headed ogre.
The two-headed ogre is moderately wounded.
The two-headed ogre closely misses you. x2
You shoot an arrow.
The arrow barely misses the two-headed ogre.
You shoot an arrow. The arrow hits the two-headed ogre!
The two-headed ogre is heavily wounded.
The two-headed ogre misses you. The two-headed ogre barely misses you.
You shoot an arrow.
The arrow closely misses the two-headed ogre.
You shoot an arrow. The arrow hits the two-headed ogre.
The two-headed ogre is heavily wounded.
The two-headed ogre misses you.
The two-headed ogre hits you with a +0 giant club.
You shoot an arrow.
The arrow hits the two-headed ogre but does no damage.
The two-headed ogre is heavily wounded.
You shoot an arrow. The arrow hits the two-headed ogre!
The two-headed ogre is severely wounded.
The two-headed ogre barely misses you. The two-headed ogre closely misses you.
You shoot an arrow.
The arrow hits the two-headed ogre but does no damage.
The two-headed ogre is severely wounded.
The two-headed ogre hits you with a +0 giant spiked club!
The two-headed ogre hits you with a +0 giant club!
You die...

### ##.##
##...###################### #
#####.....##....@O...##.......#
#
...........#.#######.##.#####.#
# .##.........<....###.##.# #.#
#
.###.......#.##...##.##.#####.#
#
.####.....##.#.............##)#
#
.##........#.##...##..#.##.##.#
#
.##.#.....##.##..###..#.......#
#
.##.##...###.##..##P~~7###.####
# ........## #........77.# #.#
#


You could see a two-headed ogre.

Vanquished Creatures
  A black bear (D:5)
  An ogre (D:4)
  A scorpion (D:5)
  3 orc priests (D:5)
  2 hounds (D:5)
  A jelly (D:5)
  An iguana (D:5)
  Terence (D:2)
  A sleepcap (D:5)
  Natasha (thrice) (D:3)
  An orc wizard (D:4)
  4 adders
  An ufetubus (D:5)
  A worm (D:2)
  2 dart slugs
  17 orcs
  8 ball pythons
  11 endoplasms
  3 giant cockroaches
  10 goblins
  10 hobgoblins
  11 kobolds
  2 quokkas (D:1)
  2 bats (D:1)
  A frilled lizard (D:2)
  3 rats
  A spectral orc (D:5)
103 creatures vanquished.

Notes
Turn   | Place    | Note
-------+----------+-------------------------------------------
     0 | D:1      | qw the Gargoyle Hunter began the quest for the Orb.
     0 | D:1      | Reached XP level 1. HP: 12/12 MP: 1/1
     0 | D:1      | 0 ||| qw: Version: 0.3-a-76-g4403597
     0 | D:1      | 0 ||| qw: Game counter: 3
     0 | D:1      | 0 ||| qw: Melee chars always use a shield: true
     0 | D:1      | 0 ||| qw: God list: Okawaru
     0 | D:1      | 0 ||| qw: Allow faded altars: false
     0 | D:1      | 0 ||| qw: Do Orc after clearing Dungeon:15 true
     0 | D:1      | 0 ||| qw: Do second Lair branch before Depths: true
     0 | D:1      | 0 ||| qw: Lair rune preference: random
     0 | D:1      | 0 ||| qw: Goals: Normal
     0 | D:1      | 0 ||| PLANNING D:1-11
    12 | D:1      | 12 ||| Stepping ~*~*~tactically~*~*~ (retreating).
    14 | D:1      | 14 ||| Stepping ~*~*~tactically~*~*~ (retreating).
    15 | D:1      | 15 ||| Stepping ~*~*~tactically~*~*~ (retreating).
    36 | D:1      | Reached XP level 2. HP: 17/17 MP: 2/2
   224 | D:1      | Reached XP level 3. HP: 21/21 MP: 3/3
   316 | D:1      | Reached skill level 5 in Ranged Weapons
   566 | D:1      | 566 ||| UPGRADING to +0 ring mail.
   576 | D:1      | 576 ||| DROPPING +0 leather armour.
   577 | D:1      | 577 ||| UPGRADING to +0 pair of gloves.
   582 | D:1      | 582 ||| UPGRADING to ring of protection from fire.
   583 | D:1      | 583 ||| READING 3 scrolls labelled LAZ QIMECKUMIE.
   584 | D:1      | 584 ||| READING scroll labelled TOLORE HEENEB.
   585 | D:1      | 585 ||| READING 2 scrolls labelled FEIMMYSAVA.
   586 | D:1      | 586 ||| DROPPING 2 scrolls of amnesia.
   587 | D:1      | 587 ||| DROPPING scroll of butterflies.
   614 | D:2      | Noticed Terence
   629 | D:2      | Killed Terence
   630 | D:2      | Reached XP level 4. HP: 24/27 MP: 4/4
   761 | D:2      | Reached skill level 3 in Fighting
   771 | D:2      | 771 ||| FLEEEEING.
   772 | D:2      | 772 ||| FLEEEEING.
   773 | D:2      | 773 ||| FLEEEEING.
   774 | D:2      | 774 ||| FLEEEEING.
   775 | D:2      | 775 ||| FLEEEEING.
   776 | D:2      | 776 ||| FLEEEEING.
   777 | D:2      | 777 ||| STAIRDANCE
   791 | D:1      | 791 ||| READING scroll labelled TUOSHR UHOAMAR.
   792 | D:1      | 792 ||| READING scroll labelled XATOCE EHIA.
   793 | D:1      | 793 ||| READING 2 scrolls of identify.
   793 | D:1      | 793 ||| IDENTIFYING red potion
   964 | D:2      | 964 ||| READING scroll labelled MUMNYTSUCUN.
  1157 | D:3      | Noticed Natasha
  1162 | D:3      | Killed Natasha
  1163 | D:3      | Reached XP level 5. HP: 30/32 MP: 5/5
  1196 | D:3      | Noticed Natasha
  1201 | D:3      | Killed Natasha
  1394 | D:3      | Noticed Natasha
  1400 | D:3      | Killed Natasha
  1401 | D:3      | Reached skill level 6 in Ranged Weapons
  1702 | D:3      | 1702 ||| UPGRADING to +6 ring of dexterity.
  1703 | D:3      | 1703 ||| READING scroll labelled KOIZALYUSH.
  1704 | D:3      | 1704 ||| READING 3 scrolls labelled ISIMMO RUMUNN.
  1705 | D:3      | 1705 ||| READING 3 scrolls of identify.
  1705 | D:3      | 1705 ||| IDENTIFYING fizzy dark potion
  1706 | D:3      | 1706 ||| READING 2 scrolls of identify.
  1706 | D:3      | 1706 ||| IDENTIFYING puce potion
  1707 | D:3      | 1707 ||| DROPPING 2 scrolls of fog.
  1708 | D:3      | 1708 ||| DROPPING potion of degeneration.
  1709 | D:3      | 1709 ||| DROPPING potion of attraction.
  2224 | D:4      | Found a staircase to the Ecumenical Temple.
  2225 | D:4      | 2225 ||| PLANNING TEMPLE
  2225 | D:4      | 2225 ||| READING scroll labelled ETHIUN JOSAL.
  2226 | D:4      | 2226 ||| READING scroll labelled RAIZEL ZUECS.
  2227 | D:4      | 2227 ||| READING 2 scrolls of identify.
  2227 | D:4      | 2227 ||| IDENTIFYING fuming puce potion
  2236 | Temple   | Entered the Ecumenical Temple
  2237 | Temple   | 2237 ||| PLANNING OKAWARU WORSHIP
  2255 | Temple   | Became a worshipper of Warmaster Okawaru
  2256 | Temple   | 2256 ||| PLANNING D:1-11
  2307 | D:4      | Reached XP level 6. HP: 38/38 MP: 6/6
  2318 | D:4      | HP: 6/38 [ogre/+0 giant club (7)]
  2356 | D:4      | 2356 ||| FLEEEEING.
  2391 | D:4      | 2391 ||| FLEEEEING.
  2392 | D:4      | 2392 ||| FLEEEEING.
  2393 | D:4      | 2393 ||| FLEEEEING.
  2676 | D:5      | Entered Level 5 of the Dungeon
  2677 | D:5      | 2677 ||| STAIRDANCE
  2706 | D:5      | 2706 ||| STAIRDANCE
  2977 | D:5      | Noticed a black bear
  2986 | D:5      | Killed a black bear
  2986 | D:5      | Reached * piety under Okawaru
  2987 | D:5      | Reached XP level 7. HP: 30/44 MP: 7/7
  3064 | D:5      | Reached skill level 7 in Ranged Weapons
  3064 | D:5      | Reached skill level 1 in Invocations
  3123 | D:5      | 3123 ||| Stepping ~*~*~tactically~*~*~ (outnumbered).
  3125 | D:5      | 3125 ||| Stepping ~*~*~tactically~*~*~ (outnumbered).
  3127 | D:5      | 3127 ||| INVOKING Heroism.
  3129 | D:5      | 3129 ||| Stepping ~*~*~tactically~*~*~ (outnumbered).
  3345 | D:5      | 3345 ||| INVOKING Heroism.
  3390 | D:5      | Identified the staff "Vototoh" {Int-3 Dex+6 Conj Air}
  3544 | D:5      | Found an ornate altar of the Wu Jian Council.
  3568 | D:5      | Found a hazy altar of Hepliaklqana.
  3974 | D:5      | 3974 ||| READING scroll labelled SUWIKO DORCHOYM.
  4004 | D:6      | Noticed a two-headed ogre
  4005 | D:6      | 4005 ||| PLANNING SEWER
  4005 | D:6      | 4005 ||| STAIRDANCE
  4007 | D:5      | 4007 ||| INVOKING Heroism.
  4020 | D:5      | Slain by a two-headed ogre

Levels and vault maps discovered:
D:1:      scummos_arrival_checkerplants, layout_basic
D:2:      layout_rooms, uniq_terence
D:3:      layout_loops_ring, chequers_serial_rivers_small_b, hex_tiny,
          uniq_natasha
D:4:      layout_cave_pods, minmay_temple_entry_mist, minmay_ogre_servants
D:5:      layout_loops_corners, mainiacjoe_overflow_concentric_impassable,
          nicolae_hepliaklqana_monster_ancestors, serial_bayou_pond_d
D:6:      layout_rooms, nemelex_spade_bored_becter, lightli_sewer_entry_pipes,
          serial_shops, nicolae_shop_rolling_square, uniq_blork_the_orc
Temple:   nicolae_temple_bog_church

Skill      XL: |  1  2  3  4  5  6  7 |
---------------+----------------------+-----
Ranged Weapons | 5 6 7 |  7.4
Armour         | 2 |  2.0
Fighting       | 3 4 |  4.8
Dodging        | 2 |  2.0
Invocations    | 2 |  2.7
Stealth        | |  1.1

Action                     |  1- 3 |  4- 6 |  7- 9 || total
---------------------------+-------+-------+-------++-------
   Fire: Shortbow          |   107 |   187 |   101 ||   395
 Invoke: Heroism           |       |       |     3 ||     3
    Use: Scroll            |     3 |    11 |     1 ||    15
 Armour: Leather armour    |    28 |       |       ||    28
         Ring mail         |     5 |    60 |    49 ||   114
  Dodge: Dodged            |    21 |    61 |    36 ||   118

Table legend:
 A = Non-vault XP
 B = Vault XP
 C = Vault XP percentage of total XP
 D = Non-vault monster count
 E = Vault monster count
 F = Vault count percentage of total count
                 A         B        C        D         E       F
            +---------+---------+-------+---------+---------+-------
      Total |     857 |     206 |  19.4 |      90 |      13 |  12.6
            +---------+---------+-------+---------+---------+-------
        D:1 |      49 |       0 |   0.0 |      27 |       0 |   0.0
        D:2 |      36 |      36 |  50.0 |      13 |       1 |   7.1
        D:3 |      93 |      35 |  27.3 |      13 |       1 |   7.1
        D:4 |      75 |     131 |  63.6 |      17 |       9 |  34.6
        D:5 |     604 |       4 |   0.7 |      20 |       2 |   9.1
            +---------+---------+-------+---------+---------+-------
